 Dungeon Crawl Stone Soup version 0.25.1-1-g288607f (webtiles) character file.

Game seed: 11754189386456255266

112 RonnieColeman the Conjurer (level 4, -2/27 HPs)
             Began as an Octopode Conjurer on Sept 14, 2020.
             Killed by divine providence
             ... invoked by an orc priest
              (16 damage)
             ... on level 3 of the Dungeon.
             The game lasted 00:03:58 (2781 turns).

RonnieColeman the Conjurer (Octopode Conjurer)      Turns: 2781, Time: 00:03:59

Health: -2/27      AC:  1    Str:  7    XL:     4   Next: 93%
Magic:  8/9        EV: 13    Int: 18    God:
Gold:   69         SH:  0    Dex: 12    Spells: 7/10 levels left

rFire    . . .     SeeInvis .   h - +1 mace (vorpal)
rCold    . . .     Gourm    .   (no shield)
rNeg     . . .     Faith    .   (helmet restricted)
rPois    .         Spirit   .   i - amulet of the acrobat
rElec    .         Reflect  .   (no ring)
rCorr    .         Harm     .   (no ring)
MR       .....                  (no ring)
Stlth    +++.......             (no ring)
HPRegen  0.09/turn              (no ring)
MPRegen  0.11/turn              (no ring)
                                (no ring)
                                (no ring)

@: no status effects
A: almost no armour, stealthy swim, amphibious, 8 rings, constrict 8, camouflage
1, gelatinous body 1
a: no special abilities


You were on level 3 of the Dungeon.
You were not hungry.

You visited 1 branch of the dungeon, and saw 3 of its levels.

You collected 69 gold pieces.

Inventory:

Hand Weapons
 d - a +0 whip
 h - a +1 vorpal mace (weapon)
Jewellery
 i - an amulet of the acrobat (around mantle)
Scrolls
 a - 4 scrolls of identify {unknown}
 f - 2 scrolls of amnesia {unknown}
 g - a scroll of enchant armour {unknown}
 j - a scroll of remove curse {unknown}
Potions
 e - a potion of heal wounds {unknown}
Comestibles
 b - 4 rations


   Skills:
 - Level 2.0 Dodging
 - Level 2.6 Stealth
 * Level 3.9 Spellcasting
 + Level 4.7 Conjurations


You had 7 spell levels left.
You knew the following spells:

 Your Spells              Type           Power        Failure   Level  Hunger
a - Magic Dart            Conj           ###.         1%          1    None
b - Searing Ray           Conj           ###...       3%          2    ##.....

Your spell library contained the following spells:

 Spells                   Type           Power        Failure   Level  Hunger
 Dazzling Flash           Conj/Hex       ##....       17%         3    ###....
 Fulminant Prism          Conj/Hex       ##........   50%         4    ####...
 Iskenderun's Mystic Bla  Conj/Tloc      ##......     50%         4    ####...


Dungeon Overview and Level Annotations

Branches:
Dungeon (3/15)

Altars:
Dithmenos
Gozag
Xom
Zin


Innate Abilities, Weirdness & Mutations

You cannot wear most types of armour.
You are very stealthy in the water. (Stealth+)
You are amphibious.
You can wear up to eight rings at the same time.
You can use your tentacles to constrict eight enemies at once.
Your skin changes colour to match your surroundings (Stealth+).
Your rubbery body absorbs attacks. (AC +1, EV +1)


Message History

You hit the goblin. You grab the goblin.
The goblin is severely wounded.
You constrict the goblin.
You kill the goblin!
The orc priest shouts!
The orc shouts!
The orc priest mumbles some strange prayers to Beogh against you.
Beogh smites you!
Ouch! That really hurt!
Casting: Searing Ray (safe; 3% risk of failure)
Confirm with . or Enter, or press ? or * to list all spells.
Aiming: Magic Dart (safe; 1% risk of failure)
Press: ? - help, Shift-Dir - straight line, f - orc
Aim: an orc, wielding a -2 dagger and wearing a cursed +0 ring mail The magic dart hits the orc.
The orc is heavily wounded.
An orc comes into view.
The orc priest invokes the aid of Beogh against you.
Beogh smites you!
Ouch! That really hurt!
You die...

............#
............#
o...........#
o...........#
............#
...o........#
......)...$.#
#......@....#
##.####'#####
#.# #.####
#.##<# #.##.#
#.##.# #.##.#
#.##'####


You could see an orc priest and 2 orcs.

Vanquished Creatures
  5 adders (D:2)
  An ooze (D:2)
  A worm (D:2)
  2 dart slugs (D:1)
  2 leopard geckos
  3 giant cockroaches
  4 goblins
  7 hobgoblins
  5 kobolds
  A quokka (D:3)
  11 bats
  7 frilled lizards
  7 rats
56 creatures vanquished.

Notes
Turn   | Place    | Note
-------+----------+-------------------------------------------
     0 | D:1      | RonnieColeman the Octopode Conjurer began the quest for the
                  | Orb.
     0 | D:1      | Reached XP level 1. HP: 11/11 MP: 3/3
   493 | D:1      | Reached XP level 2. HP: 17/17 MP: 5/5
  1372 | D:2      | Reached XP level 3. HP: 21/21 MP: 7/7
  1497 | D:2      | Learned a level 2 spell: Searing Ray
  1827 | D:2      | Reached XP level 4. HP: 27/27 MP: 9/9
  1833 | D:2      | Noticed an angel
  1834 | D:2      | Found a glowing silver altar of Zin.
  1836 | D:2      | Found a shimmering altar of Xom.
  2039 | D:2      | Found a shadowy altar of Dithmenos.
  2076 | D:2      | Found an opulent altar of Gozag.
  2781 | D:3      | Killed from afar by an orc priest

Illustrated notes

Levels and vault maps discovered:
D:1:      roderic_chinese_lattice_arrival, layout_basic
D:2:      wad_pebble_path, layout_loops_ring, lemuel_round_altar,
          old_standard_altar, grunt_temple_overflow_order_and_chaos_1,
          minmay_misc_feat_plants, minmay_mini_jars
D:3:      layout_basic, grunt_temple_overflow_open, grunt_gozag_statues

Skill      XL: |  1  2  3 |
---------------+----------+-----
Spellcasting   | 3 |  3.9
Dodging        | |  2.0
Stealth        | |  2.6
Conjurations   | |  4.7

Action                   |  1- 3 |  4- 6 || total
-------------------------+-------+-------++-------
Melee: Unarmed           |     8 |       ||     8
       Whip              |    27 |       ||    27
       Constrict         |    19 |     7 ||    26
       Tentacles         |    10 |     5 ||    15
       Mace              |    37 |    26 ||    63
 Cast: Magic Dart        |     9 |     1 ||    10
       Searing Ray       |       |     3 ||     3
  Use: Potion            |     1 |       ||     1
 Stab: Sleeping          |    15 |     2 ||    17
  Eat: Chunk             |     3 |     3 ||     6
Armor: Skin              |    14 |       ||    14
Dodge: Dodged            |    70 |    22 ||    92
